 Dungeon Crawl Stone Soup version 0.29.1-14-g9c671dbff4 (webtiles) character file.

Game seed: 235550757954270707

201 Renzlar the Shield-Bearer (level 5, -2/47 HPs)
             Began as a Gnoll Fighter on Feb 16, 2023.
             Was an Initiate of Okawaru.
             Slain by Blork the orc
             ... wielding a +0 glaive
              (3 damage)
             ... on level 4 of the Dungeon.
             The game lasted 00:11:04 (3176 turns).

Renzlar the Shield-Bearer (Gnoll Fighter)           Turns: 3176, Time: 00:11:04

Health: -2/47      AC: 10    Str: 21    XL:     5   Next: 79%
Magic:  7/7        EV:  8    Int: 10    God:    Okawaru [......]
Gold:   233        SH:  5    Dex: 12    Spells: 7/7 levels left

rFire   . . .      SeeInvis .   b - +9 short sword of Righteous Anger {speed, Str+4 Int+3}
rCold   . . .      Faith    .   q - +0 buckler
rNeg    . . .      Spirit   .   t - +0 chain mail
rPois   .          Reflect  .   (no helmet)
rElec   .          Harm     .   (no cloak)
rCorr   .          Rampage  .   (no gloves)
Will    .....                   (no boots)
Stlth   ..........              (no amulet)
HPRegen 0.15/turn               (no ring)
MPRegen 0.10/turn               (no ring)

@: no status effects
A: fangs 1, strong nose, distributed training
a: Renounce Religion


You were on level 4 of the Dungeon.
You worshipped Okawaru.
Okawaru was noncommittal.
You visited 2 branches of the dungeon, and saw 5 of its levels.

You collected 233 gold pieces.

Inventory:

Hand Weapons
 a - a +2 war axe of venom
 b - the +9 short sword of Righteous Anger (weapon) {speed, Str+4 Int+3}
   (You found it on level 2 of the Dungeon)

   Attacks with this weapon are significantly faster.
   Str:       It affects your strength (+4).
   Int:       It affects your intelligence (+3).
 c - a +1 sling of flaming
 s - a +3 dagger
Missiles
 o - 3 poisoned darts
Armour
 e - a +0 scale mail
 q - a +0 buckler (worn)
 t - a +0 chain mail (worn)
Jewellery
 i - a ring of fire
 v - a ring of wizardry
Wands
 r - a wand of flame (15)
Scrolls
 m - a scroll of amnesia
 u - 2 scrolls of fear
Potions
 d - a potion of might
 g - a potion of invisibility {unknown}
 h - a potion of attraction {unknown}
 j - 4 potions of curing
 k - a potion of berserk rage {unknown}
 l - 2 potions of heal wounds {unknown}
 n - a potion of mutation {unknown}
 p - a potion of brilliance {unknown}
 w - a potion of magic {unknown}


   Skills:
 + Level 6.7 Fighting
 + Level 1.7 Short Blades
 + Level 1.7 Long Blades
 + Level 4.9 Axes
 + Level 1.7 Maces & Flails
 + Level 1.7 Polearms
 + Level 1.7 Staves
 + Level 1.7 Ranged Weapons
 + Level 1.7 Throwing
 + Level 6.7 Armour
 + Level 1.7 Dodging
 + Level 1.7 Stealth
 + Level 6.7 Shields
 + Level 1.7 Unarmed Combat
 + Level 1.7 Spellcasting
 + Level 1.3 Conjurations
 + Level 1.3 Hexes
 + Level 1.3 Summonings
 + Level 1.3 Necromancy
 + Level 1.3 Translocations
 + Level 1.3 Transmutations
 + Level 1.3 Fire Magic
 + Level 1.3 Ice Magic
 + Level 1.3 Air Magic
 + Level 1.3 Earth Magic
 + Level 1.3 Poison Magic
 + Level 1.9 Invocations
 + Level 1.7 Evocations


You had 7 spell levels left.
You didn't know any spells.
Your spell library contained the following spells:

 Spells                   Type           Power      Damage    Failure   Level
 Sting                    Tmut/Pois      12%        1d3       88%         1
 Poisonous Vapours        Pois/Air       6%         N/A       95%         2
 Sublimation of Blood     Necr           3%         N/A       95%         2
 Wereblood                Tmut           3%         N/A       95%         2
 Frozen Ramparts          Ice            6%         1d1       99%         3
 Ice Form                 Ice/Tmut       3%         N/A       100%        4
 Olgreb's Toxic Radiance  Pois           3%         N/A       100%        4
 Passage of Golubria      Tloc           3%         N/A       100%        4
 Yara's Violent Unravell  Hex/Tmut       1%         3d3       100%        5
 Tukima's Dance           Hex            Unusable   N/A       N/A         3
 Summon Ice Beast         Ice/Summ       Unusable   N/A       N/A         4
 Summon Hydra             Summ           Unusable   N/A       N/A         7

Dungeon Overview and Level Annotations

Branches:
Dungeon (4/15)             Temple (1/1) D:4

Altars:
Fedhas
Okawaru

Annotations:
D:4 Blork the orc


Innate Abilities, Weirdness & Mutations

You have very sharp teeth.
Your uncanny sense of smell can sniff out nearby items.
Your experience applies equally to all skills.


Message History

You hit the orc.
You kill the orc!
Okawaru accepts your kill.
You kill the orc wizard!
Okawaru accepts your kill.
Unknown command.
Blork the orc hits you with a +0 glaive!
Items here: $ ) [ †.
You slash Blork the orc!
Blork the orc is moderately wounded.
Blork the orc points at you and mumbles some strange words.
The magic dart hits you!
Blork the orc zaps a wand.
You resist with some effort.
You slash Blork the orc!
Blork the orc is poisoned.
Blork the orc is severely wounded.
Blork the orc hits you with a +0 glaive!
* * * LOW HITPOINT WARNING * * *
Blork the orc miscasts a cantrip.
Items here: )) [[ †.
Blork the orc points at you and mumbles some strange words.
The puff of frost hits you but does no damage.
Your +2 war axe of venom stops dripping with poison.
Your +1 sling of flaming bursts into flame!
c - a +1 sling of flaming (weapon)
You are too injured to fight recklessly!
Fire: c) +1 sling (flame)
Press: ? - help, Q - select action, (/) - cycle Shift-Dir - straight line, f - Blork the orc
Aim: Blork the orc, wielding a +0 glaive, wearing a +0 robe and carrying a wand of polymorph (7) (severely wounded, poisoned, 63% to hit)
You shoot a sling bullet. The sling bullet hits Blork the orc.
The sling bullet burns Blork the orc.
Blork the orc is almost dead.
Blork the orc casts a spell at you. The puff of flame hits you!
* * * LOW HITPOINT WARNING * * *
Your +1 sling of flaming stops flaming.
You feel stronger.
You feel clever.
Your hands tingle!
b - the +9 short sword of Righteous Anger (weapon)
{speed, Str+4 Int+3} Blork the orc hits you from afar with a +0 glaive.
You die...

#............
#..
##...........#
#.
#..........#
#. #.........#
##. ##.)# ##..
##.).# ###..#
# #o..##
##...##
..#####...#
##...##
#....#.@.##
##..###
#....##
###!.##
###..##
##...##
##..####...##
##.>##...##
##....###
##..## #..#
#..#


You could see Blork the orc (poisoned).

Vanquished Creatures
  A necrophage (D:3)
  An orc wizard (D:4)
  2 adders
  A worm (D:2)
  2 dart slugs
  15 orcs
  8 endoplasms
  3 giant cockroaches
  5 hobgoblins
  4 jackals (D:4)
  8 kobolds
  4 quokkas
  4 ball pythons
  A bat (D:2)
  3 frilled lizards
  6 goblins
  3 rats
71 creatures vanquished.

Notes
Turn   | Place    | Note
-------+----------+-------------------------------------------
     0 | D:1      | Renzlar the Gnoll Fighter began the quest for the Orb.
     0 | D:1      | Reached XP level 1. HP: 23/23 MP: 1/1
   167 | D:1      | Reached XP level 2. HP: 22/29 MP: 2/2
   279 | D:1      | Found a faded altar of an unknown god.
   873 | D:1      | Reached XP level 3. HP: 35/35 MP: 3/3
  1217 | D:2      | Found a blossoming altar of Fedhas.
  1372 | D:2      | Identified the +9 short sword of Righteous Anger {speed,
                  | Str+4 Int+3}
  1391 | D:2      | Reached skill level 1 in Invocations
  1597 | D:2      | Reached skill level 1 in Short Blades
  1597 | D:2      | Reached skill level 1 in Long Blades
  1597 | D:2      | Reached skill level 1 in Maces & Flails
  1597 | D:2      | Reached skill level 1 in Polearms
  1597 | D:2      | Reached skill level 1 in Staves
  1597 | D:2      | Reached skill level 1 in Ranged Weapons
  1597 | D:2      | Reached skill level 1 in Throwing
  1597 | D:2      | Reached skill level 1 in Dodging
  1597 | D:2      | Reached skill level 1 in Stealth
  1597 | D:2      | Reached skill level 1 in Unarmed Combat
  1597 | D:2      | Reached skill level 1 in Spellcasting
  1597 | D:2      | Reached skill level 1 in Evocations
  1827 | D:2      | Reached XP level 4. HP: 41/41 MP: 5/5
  2258 | D:3      | Reached skill level 1 in Conjurations
  2258 | D:3      | Reached skill level 1 in Hexes
  2258 | D:3      | Reached skill level 1 in Summonings
  2258 | D:3      | Reached skill level 1 in Necromancy
  2258 | D:3      | Reached skill level 1 in Translocations
  2258 | D:3      | Reached skill level 1 in Transmutations
  2258 | D:3      | Reached skill level 1 in Fire Magic
  2258 | D:3      | Reached skill level 1 in Ice Magic
  2258 | D:3      | Reached skill level 1 in Air Magic
  2258 | D:3      | Reached skill level 1 in Earth Magic
  2258 | D:3      | Reached skill level 1 in Poison Magic
  2554 | D:4      | Noticed a necrophage
  2567 | D:3      | Killed a necrophage
  2568 | D:3      | Reached XP level 5. HP: 33/47 MP: 5/7
  2772 | D:4      | Found a staircase to the Ecumenical Temple.
  2779 | Temple   | Entered the Ecumenical Temple
  2789 | Temple   | Became a worshipper of Warmaster Okawaru
  3162 | D:4      | Noticed Blork the orc
  3175 | D:4      | HP: 1/47 [Blork the orc/puff of flame (8)]
  3176 | D:4      | Slain by Blork the orc

Illustrated notes

Levels and vault maps discovered:
D:1:      zelgadis_glass_arrival_small, layout_basic,
          ebering_ecumenical_altar_petrified, nrook_mini_backslash
D:2:      layout_basic, basic_altar, minmay_crystal_room
D:3:      layout_loops_ring
D:4:      layout_cave_pods, minmay_temple_entry_wispy, uniq_blork_the_orc
Temple:   nicolae_temple_slightly_damp_pantheon

Skill      XL: |  1  2  3  4 |
---------------+-------------+-----
Invocations    | 1 |  1.9
Short Blades   | 1 |  1.7
Long Blades    | 1 |  1.7
Maces & Flails | 1 |  1.7
Polearms       | 1 |  1.7
Staves         | 1 |  1.7
Ranged Weapons | 1 |  1.7
Throwing       | 1 |  1.7
Dodging        | 1 |  1.7
Stealth        | 1 |  1.7
Unarmed Combat | 1 |  1.7
Spellcasting   | 1 |  1.7
Evocations     | 1 |  1.7
Conjurations   | 1 |  1.3
Hexes          | 1 |  1.3
Summonings     | 1 |  1.3
Necromancy     | 1 |  1.3
Translocations | 1 |  1.3
Transmutations | 1 |  1.3
Fire Magic     | 1 |  1.3
Ice Magic      | 1 |  1.3
Air Magic      | 1 |  1.3
Earth Magic    | 1 |  1.3
Poison Magic   | 1 |  1.3
Fighting       | |  6.7
Axes           | |  4.9
Armour         | |  6.7
Shields        | |  6.7

Action                   |  1- 3 |  4- 6 || total
-------------------------+-------+-------++-------
Melee: War axe           |    76 |    15 ||    91
       Bite              |     9 |     2 ||    11
       Short sword       |    16 |    29 ||    45
 Fire: Sling             |    16 |    62 ||    78
  Use: Scroll            |     7 |     4 ||    11
       Potion            |       |     1 ||     1
Armor: Scale mail        |    30 |     2 ||    32
       Chain mail        |       |    29 ||    29
Dodge: Dodged            |    24 |    14 ||    38
Block: Buckler           |    16 |    11 ||    27
